 Dungeon Crawl Stone Soup version 0.24-a0-181-gd121a6d (webtiles) character file.

Game seed: 509606802161275490

663 gruber the Charmwright (level 7, -2/56 HPs)
             Began as a Gnoll Skald on Mar 14, 2019.
             Slain by Pikel
             ... wielding a +2 whip of freezing
              (8 damage)
             ... on level 4 of the Dungeon.
             The game lasted 00:07:58 (3875 turns).

gruber the Charmwright (Gnoll Skald)                Turns: 3875, Time: 00:07:58

Health: -2/56      AC:  4    Str: 14    XL:     7   Next: 56%
Magic:  2/15       EV: 14    Int: 17    God:
Gold:   202        SH:  0    Dex: 14    Spells: 6/17 levels left

rFire    + . .     SeeInvis .   f - +4 whip
rCold    . . .     Gourm    .   (no shield)
rNeg     . . .     Faith    .   b - +0 leather armour
rPois    .         Spirit   .   (no helmet)
rElec    .         Reflect  .   (no cloak)
rCorr    .         Harm     .   m - +0 pair of gloves
MR       .....                  (no boots)
Stlth    ++........             (no amulet)
HPRegen  0.18/turn              o - ring of protection from fire
MPRegen  0.14/turn              (no ring)

@: infused, singing
A: distributed training, fangs 1, strong nose
a: no special abilities


You were on level 4 of the Dungeon.
You were near starving.

You visited 1 branch of the dungeon, and saw 4 of its levels.

You collected 202 gold pieces.

Inventory:

Hand Weapons
 f - a +4 whip (weapon)
 l - a +0 hunting sling
Missiles
 c - 218 stones (quivered)
Armour
 b - a +0 leather armour (worn)
 m - a +0 pair of gloves (worn)
Jewellery
 o - a ring of protection from fire (left hand)
 p - an uncursed ring of magical power {unknown}
Scrolls
 g - 3 scrolls of magic mapping {unknown}
 j - a scroll of enchant weapon {unknown}
 k - 3 scrolls of enchant armour {unknown}
Potions
 a - a potion of heal wounds {unknown}
 e - a potion of magic {unknown}
 h - a potion of agility {unknown}
 i - 5 potions of curing {unknown}
 n - 2 potions of flight {unknown}
 q - a potion of resistance {unknown}
Comestibles
 d - 7 rations


   Skills:
 + Level 5.2 Fighting
 + Level 2.5 Short Blades
 + Level 2.5 Long Blades
 + Level 2.5 Axes
 + Level 2.5 Maces & Flails
 + Level 5.2 Polearms
 + Level 2.5 Staves
 + Level 2.5 Slings
 + Level 2.5 Bows
 + Level 2.5 Crossbows
 + Level 2.5 Throwing
 + Level 3.6 Armour
 + Level 5.2 Dodging
 + Level 2.5 Stealth
 + Level 2.5 Shields
 + Level 2.5 Unarmed Combat
 + Level 5.6 Spellcasting
 + Level 2.0 Conjurations
 + Level 2.0 Hexes
 + Level 5.8 Charms
 + Level 2.0 Summonings
 + Level 2.0 Necromancy
 + Level 2.0 Translocations
 + Level 2.0 Transmutations
 + Level 2.0 Fire Magic
 + Level 2.0 Ice Magic
 + Level 2.0 Air Magic
 + Level 2.0 Earth Magic
 + Level 2.0 Poison Magic
 + Level 2.8 Invocations
 + Level 2.5 Evocations


You had 6 spell levels left.
You knew the following spells:

 Your Spells              Type           Power        Failure   Level  Hunger
a - Infusion              Chrm           ###.         1%          1    None
b - Song of Slaying       Chrm           ###.....     2%          2    #......
c - Shroud of Golubria    Chrm/Tloc      ###.......   4%          2    #......
d - Regeneration          Chrm/Necr      ###.......   10%         3    ##.....
e - Spectral Weapon       Hex/Chrm       ###.....     10%         3    ##.....

Your spell library contained the following spells:

 Spells                   Type           Power        Failure   Level  Hunger


Dungeon Overview and Level Annotations

Branches:
Dungeon (4/15)
 Temple: D:4-7

Altars:
Dithmenos
Fedhas
Kikubaaqudgha
Nemelex Xobeh
Qazlal
Wu Jian
The Shining One

Annotations:
D:4 Dowan, Duvessa, Pikel


Innate Abilities, Weirdness & Mutations

Your experience applies equally to all skills.
You have very sharp teeth.
Your uncanny sense of smell can sniff out nearby items.


Message History

You miss Pikel. Your punch misses Pikel.
Pikel is almost dead.
Your spectral weapon fades away.
The slave hits you!
Pikel hits you with a +2 whip of freezing!
Pikel freezes you.
* * * LOW HITPOINT WARNING * * *
Unknown command.
You barely miss Pikel.
Pikel is almost dead.
The slave barely misses you.
Pikel hits you with a +2 whip of freezing!
* * * LOW HITPOINT WARNING * * *
Pikel freezes you.
* * * LOW HITPOINT WARNING * * *
You hit Pikel.
Pikel is almost dead.
The slave hits you but does no damage.
Pikel hits you with a +2 whip of freezing!
You die...

......#####
......####
......#..# #####
.........###...#
#..##....##....#
#.##....#......#
........#..###.###
...#.........#...##
..##.##........K@.#
..#..........#.p..#
...##........#.#.##
...........#.)....#
.........#<#.##.###
......#.##.#..#.#
......#.#..#...##
..........>#.###
#####.....##...##


You could see Pikel and a slave.

Vanquished Creatures
  3 slaves
  An ogre (D:4)
  Blork the orc (D:4)
  A scorpion (D:4)
  2 hounds (D:4)
  3 orc priests (D:4)
  3 orc wizards
  2 worker ants (D:4)
  Robin (D:2)
  4 gnolls (D:4)
  4 adders
  An ooze (D:1)
  2 worms (D:3)
  2 leopard geckos
  13 orcs
  9 bats
  A giant cockroach (D:1)
  11 goblins
  12 hobgoblins
  8 jackals
  A quokka (D:4)
  4 frilled lizards (D:1)
  7 kobolds
  3 rats
99 creatures vanquished.

Vanquished Creatures (others)
  2 spectral weapons (D:4)
2 creatures vanquished.

Grand Total: 101 creatures vanquished

Notes
Turn   | Place    | Note
-------+----------+-------------------------------------------
     0 | D:1      | gruber the Gnoll Skald began the quest for the Orb.
     0 | D:1      | Reached XP level 1. HP: 20/20 MP: 6/6
    37 | D:1      | Reached XP level 2. HP: 26/26 MP: 3/7
   429 | D:1      | Reached XP level 3. HP: 27/31 MP: 9/9
   496 | D:1      | Reached skill level 5 in Spellcasting
   558 | D:1      | Learned a level 2 spell: Song of Slaying
   561 | D:1      | Learned a level 2 spell: Shroud of Golubria
   565 | D:1      | Learned a level 3 spell: Regeneration
   569 | D:1      | Learned a level 3 spell: Spectral Weapon
  1016 | D:2      | Noticed Robin
  1026 | D:2      | Reached skill level 1 in Invocations
  1031 | D:2      | Killed Robin
  1031 | D:2      | Reached skill level 1 in Short Blades
  1031 | D:2      | Reached skill level 1 in Long Blades
  1031 | D:2      | Reached skill level 1 in Axes
  1031 | D:2      | Reached skill level 1 in Maces & Flails
  1031 | D:2      | Reached skill level 1 in Staves
  1031 | D:2      | Reached skill level 1 in Slings
  1031 | D:2      | Reached skill level 1 in Bows
  1031 | D:2      | Reached skill level 1 in Crossbows
  1031 | D:2      | Reached skill level 1 in Throwing
  1031 | D:2      | Reached skill level 1 in Stealth
  1031 | D:2      | Reached skill level 1 in Shields
  1031 | D:2      | Reached skill level 1 in Unarmed Combat
  1031 | D:2      | Reached skill level 1 in Evocations
  1036 | D:2      | Reached XP level 4. HP: 35/38 MP: 2/11
  1106 | D:2      | Found a glowing golden altar of the Shining One.
  1106 | D:2      | Found a shadowy altar of Dithmenos.
  1154 | D:2      | Found a blossoming altar of Fedhas.
  1427 | D:2      | Found a stormy altar of Qazlal.
  1690 | D:3      | Reached skill level 1 in Conjurations
  1690 | D:3      | Reached skill level 1 in Hexes
  1690 | D:3      | Reached skill level 1 in Summonings
  1690 | D:3      | Reached skill level 1 in Necromancy
  1690 | D:3      | Reached skill level 1 in Translocations
  1690 | D:3      | Reached skill level 1 in Transmutations
  1690 | D:3      | Reached skill level 1 in Fire Magic
  1690 | D:3      | Reached skill level 1 in Ice Magic
  1690 | D:3      | Reached skill level 1 in Air Magic
  1690 | D:3      | Reached skill level 1 in Earth Magic
  1690 | D:3      | Reached skill level 1 in Poison Magic
  1905 | D:3      | Reached XP level 5. HP: 39/43 MP: 8/12
  1927 | D:3      | Found an ancient bone altar of Kikubaaqudgha.
  1927 | D:3      | Found a sparkling altar of Nemelex Xobeh.
  2113 | D:4      | Reached XP level 6. HP: 35/50 MP: 10/13
  2231 | D:4      | Noticed Blork the orc
  2239 | D:4      | Killed Blork the orc
  2239 | D:4      | Reached skill level 5 in Fighting
  2239 | D:4      | Reached skill level 5 in Polearms
  2239 | D:4      | Reached skill level 5 in Dodging
  2300 | D:4      | Found an ornate altar of the Wu Jian Council.
  2368 | D:4      | Reached XP level 7. HP: 43/56 MP: 7/15
  2424 | D:4      | Noticed Duvessa
  2427 | D:4      | Noticed Dowan
  3066 | D:4      | Noticed Pikel
  3875 | D:4      | Slain by Pikel

Levels and vault maps discovered:
D:1:      giann_bridges, layout_basic, chequers_garden,
          chequers_serial_rivers_micro_e
D:2:      layout_loops_ring, grunt_qazlal_sundering,
          gammafunk_temple_overflow_elements, fedhas_altar_1, uniq_robin
D:3:      layout_loops_cross, gammafunk_temple_overflow_wave, first_ration
D:4:      layout_cave_pools, lemuel_doored_altar, uniq_blork_the_orc,
          uniq_pikel, uniq_duvessa

Skill      XL: |  1  2  3  4  5  6  7 |
---------------+----------------------+-----
Spellcasting   | 5 |  5.6
Invocations    | 1 2 |  2.8
Short Blades   | 1 2 |  2.5
Long Blades    | 1 2 |  2.5
Axes           | 1 2 |  2.5
Maces & Flails | 1 2 |  2.5
Staves         | 1 2 |  2.5
Slings         | 1 2 |  2.5
Bows           | 1 2 |  2.5
Crossbows      | 1 2 |  2.5
Throwing       | 1 2 |  2.5
Stealth        | 1 2 |  2.5
Shields        | 1 2 |  2.5
Unarmed Combat | 1 2 |  2.5
Evocations     | 1 2 |  2.5
Conjurations   | 1 2 |  2.0
Hexes          | 1 2 |  2.0
Summonings     | 1 2 |  2.0
Necromancy     | 1 2 |  2.0
Translocations | 1 2 |  2.0
Transmutations | 1 2 |  2.0
Fire Magic     | 1 2 |  2.0
Ice Magic      | 1 2 |  2.0
Air Magic      | 1 2 |  2.0
Earth Magic    | 1 2 |  2.0
Poison Magic   | 1 2 |  2.0
Armour         | 3 |  3.6
Fighting       | 5 |  5.2
Polearms       | 5 |  5.2
Dodging        | 5 |  5.2
Charms         | |  5.8

Action                   |  1- 3 |  4- 6 |  7- 9 || total
-------------------------+-------+-------+-------++-------
Melee: Spear             |    15 |       |       ||    15
       Bite              |     6 |     8 |    12 ||    26
       Whip              |    77 |   126 |    84 ||   287
       Punch             |       |       |     1 ||     1
Throw: Stone             |       |     1 |     1 ||     2
 Cast: Infusion          |     4 |     4 |     3 ||    11
       Spectral Weapon   |     1 |     7 |     8 ||    16
       Song of Slaying   |     1 |     2 |     2 ||     5
       Regeneration      |       |     4 |     9 ||    13
 Stab: Sleeping          |     1 |     5 |       ||     6
       Distracted        |       |       |     1 ||     1
  Eat: Chunk             |       |     6 |     4 ||    10
Armor: Leather armour    |    22 |    18 |     8 ||    48
Dodge: Dodged            |    75 |    84 |    39 ||   198

Table legend:
 A = Non-vault XP
 B = Vault XP
 C = Vault XP percentage of total XP
 D = Non-vault monster count
 E = Vault monster count
 F = Vault count percentage of total count
                 A         B        C        D         E       F
            +---------+---------+-------+---------+---------+-------
      Total |     812 |     136 |  14.3 |      83 |      13 |  13.5
            +---------+---------+-------+---------+---------+-------
        D:1 |      46 |       0 |   0.0 |      26 |       0 |   0.0
        D:2 |      15 |      36 |  70.6 |       8 |      12 |  60.0
        D:3 |     121 |       0 |   0.0 |      24 |       0 |   0.0
        D:4 |     630 |     100 |  13.7 |      25 |       1 |   3.8
            +---------+---------+-------+---------+---------+-------
